 Dungeon Crawl Stone Soup version 0.30-a0-168-g0b976cbdc4 (webtiles) character file.

Game seed: 12149536008284467202

281 qw the Chopper (level 6, 0/38 HPs)
             Began as a Gargoyle Fighter on Sept 29, 2022.
             Slain by an ogre
             ... wielding a +0 giant club
              (3 damage)
             ... on level 4 of the Dungeon.
             The game lasted 00:00:59 (2910 turns).

qw the Chopper (Gargoyle Fighter)                   Turns: 2910, Time: 00:01:00

Health: 0/38       AC: 16    Str: 22    XL:     6   Next: 27%
Magic:  6/6        EV:  7    Int:  8    God:
Gold:   98         SH:  4    Dex:  9    Spells: 5/5 levels left

rFire   . . .      SeeInvis .    Y - +1 war axe
rCold   . . .      Faith    .    c - +0 buckler
rNeg    + . .      Spirit   .    g - +0 chain mail
rPois   inf        Reflect  .    m - +2 helmet
rElec   +          Harm     .    (no cloak)
rCorr   .          Rampage  .    (no gloves)
Will    .....                    (no boots)
Stlth   ..........               (no amulet)
HPRegen 0.12/turn                (no ring)
MPRegen 0.10/turn                (no ring)

@: no status effects
A: sickness immunity, AC +4, negative energy resistance 1, electricity
resistance, torment resistance 1, petrification resistance
a: no special abilities


You were on level 4 of the Dungeon.
You visited 1 branch of the dungeon, and saw 4 of its levels.

You collected 98 gold pieces.


Innate Abilities, Weirdness & Mutations

You are immune to sickness and miasma.
Your stone body is resilient. (AC +4)
You are immune to poison.
You resist negative energy. (rN+)
You are resistant to electric shocks. (rElec)
You are resistant to unholy torment.
You are immune to petrification.


   Skills:
 - Level 4.0 Fighting
 + Level 5.5 Axes
 - Level 3.2 Armour
 - Level 3.2 Shields


You had 5 spell levels left.
You didn't know any spells.
Your spell library was empty.

Inventory:

Hand Weapons
 i - a +0 flail
 Y - a +1 war axe (weapon)
Armour
 c - a +0 buckler (worn)
 g - a +0 chain mail (worn)
 m - a +2 helmet (worn)
Scrolls
 j - a scroll of identify
Potions
 a - a potion of brilliance {unknown}
 d - 3 potions of might
 e - a potion of mutation {unknown}
 f - a potion of lignification {unknown}
 h - 2 potions of curing
 k - a potion of cancellation {unknown}
 l - 2 potions of attraction

Dungeon Overview and Level Annotations

Branches:
Dungeon (4/15)
 Temple: D:4-7

Altars:
Makhleb


Message History

You see here a scroll of poison.
There is an escape hatch in the floor here.
There is a stone staircase leading down here.
You climb downwards.
Found a book of Callings.
There is a stone staircase leading up here.
Existing waypoints: (1) D:2 (2) D:3 Assign waypoint to what number? (0-9, D - delete waypoint) Waypoint 1 re-assigned from D:2 to D:4.
There is a stone staircase leading up here.
There is a stone staircase leading up here.
A goblin comes into view. It is wielding a +0 dagger.
Enter note: Throw: boomerang
Press: ? - help, Q - select action Shift-Dir - straight line, f - goblin You throw a boomerang.
The boomerang closely misses the goblin.
Throw: boomerang
Press: ? - help, Q - select action Shift-Dir - straight line, f/p - goblin You throw a boomerang.
The boomerang hits the goblin.
You kill the goblin!
An ogre comes into view. It is wielding a +0 giant club.
The ogre shouts!
Throw: boomerang
Press: ? - help, Q - select action Shift-Dir - straight line, f - ogre You throw a boomerang.
The boomerang barely misses the ogre.
You hit the ogre.
The ogre is lightly wounded.
The ogre hits you with a +0 giant club!!
Ouch! That really hurt!
You hit the ogre but do no damage.
The ogre is lightly wounded.
The ogre hits you with a +0 giant club!
You slash the ogre!
The ogre is severely wounded.
You hit the ogre.
The ogre is severely wounded.
The ogre hits you with a +0 giant club.
You die...

.. .# .# .## .
... ..###.. ...
....).# ....
##....... .....
##@O# #..##..##
###....## ..
#......### ...
.#....#...### #.#
#...........##..#
#...####....:..#
...# #.......###
..# ##<.......#


You could see an ogre.

Vanquished Creatures
  An ogre (D:2)
  An orc priest (D:3)
  Jessica (D:3)
  7 adders
  2 worms (D:3)
  A dart slug (D:2)
  14 orcs (D:3)
  5 bats
  4 endoplasms (D:2)
  2 giant cockroaches
  4 goblins
  5 hobgoblins
  3 jackals (D:2)
  4 kobolds
  A quokka (D:3)
  5 ball pythons
  4 rats
64 creatures vanquished.

Notes
Turn   | Place    | Note
-------+----------+-------------------------------------------
     0 | D:1      | qw the Gargoyle Fighter began the quest for the Orb.
     0 | D:1      | Reached XP level 1. HP: 14/14 MP: 1/1
     0 | D:1      | 0 ||| qw: Version: 0.2-a-12-gaebbb33
     0 | D:1      | 0 ||| qw: Game counter: 1181
     0 | D:1      | 0 ||| qw: Always use a shield: true
     0 | D:1      | 0 ||| qw: God list: Okawaru
     0 | D:1      | 0 ||| qw: Allow faded altars: false
     0 | D:1      | 0 ||| qw: Do Orc after D:15 true
     0 | D:1      | 0 ||| qw: Do second Lair branch before Depths: true
     0 | D:1      | 0 ||| qw: Lair rune preference: random
     0 | D:1      | 0 ||| qw: Plans: Normal, Zot:1-4, God:TSO, Crypt, Tomb,
                  | Pan, Slime:5, Hells, Abyss, Orb
     0 | D:1      | 0 ||| PLANNING D:1-11
    70 | D:1      | Reached skill level 2 in Axes
   385 | D:1      | Found a faded altar of an unknown god.
   625 | D:1      | 625 ||| UPGRADING to +0 chain mail.
   635 | D:1      | 635 ||| DROPPING +0 scale mail.
   636 | D:1      | 636 ||| READING scroll labelled YTSO GOM XOA.
   665 | D:1      | 665 ||| READING scroll labelled AREOQE ZARU.
   666 | D:1      | 666 ||| READING scroll labelled RAROISETOL.
   667 | D:1      | 667 ||| READING scroll labelled OSOMAM GUEDE.
   668 | D:1      | 668 ||| DRINKING 2 orange potions.
   669 | D:1      | 669 ||| DRINKING 2 viscous sapphire potions.
   770 | D:1      | 770 ||| DROPPING potion of ambrosia.
   816 | D:2      | 816 ||| STAIRDANCE
   819 | D:1      | Reached XP level 2. HP: 19/19 MP: 2/2
   855 | D:2      | 855 ||| Stepping ~*~*~tactically~*~*~ (stealth).
   857 | D:2      | 857 ||| Stepping ~*~*~tactically~*~*~ (stealth).
   879 | D:2      | 879 ||| Stepping ~*~*~tactically~*~*~ (stealth).
   917 | D:2      | 917 ||| Stepping ~*~*~tactically~*~*~ (stealth).
  1117 | D:2      | Reached skill level 3 in Axes
  1170 | D:2      | Found a burning altar of Makhleb.
  1227 | D:2      | Reached XP level 3. HP: 23/23 MP: 3/3
  1296 | D:2      | 1296 ||| Stepping ~*~*~tactically~*~*~ (stealth).
  1297 | D:2      | 1297 ||| Stepping ~*~*~tactically~*~*~ (stealth).
  1557 | D:2      | Reached XP level 4. HP: 26/28 MP: 4/4
  1593 | D:2      | 1593 ||| UPGRADING to +2 helmet.
  1598 | D:2      | 1598 ||| DROPPING ring of flight.
  1599 | D:2      | 1599 ||| READING scroll labelled YMEVEO ORPHYEQ.
  1600 | D:2      | 1600 ||| READING scroll labelled LAVVITHR TELAJ.
  1601 | D:2      | 1601 ||| READING scroll labelled ZONKICHILAA.
  1602 | D:2      | 1602 ||| DRINKING 3 emerald potions.
  1630 | D:3      | Noticed an ogre
  1634 | D:3      | 1634 ||| STAIRDANCE
  1638 | D:2      | Killed an ogre
  1639 | D:2      | Reached skill level 4 in Axes
  1639 | D:2      | Reached XP level 5. HP: 32/32 MP: 5/5
  1746 | D:3      | 1746 ||| Stepping randomly (stuck).
  1747 | D:3      | 1747 ||| Stepping randomly (stuck).
  1748 | D:3      | 1748 ||| Stepping randomly (stuck).
  1749 | D:3      | 1749 ||| Stepping randomly (stuck).
  1750 | D:3      | 1750 ||| Stepping randomly (stuck).
  1751 | D:3      | 1751 ||| Stepping randomly (stuck).
  1752 | D:3      | 1752 ||| Stepping randomly (stuck).
  1788 | D:3      | Reached skill level 5 in Axes
  1928 | D:3      | 1928 ||| Stepping ~*~*~tactically~*~*~ (stealth).
  2065 | D:3      | 2065 ||| DROPPING +0 club.
  2075 | D:3      | 2075 ||| Stepping ~*~*~tactically~*~*~ (hiding).
  2091 | D:3      | 2091 ||| Stepping ~*~*~tactically~*~*~ (stealth).
  2094 | D:3      | 2094 ||| Stepping ~*~*~tactically~*~*~ (stealth).
  2096 | D:3      | 2096 ||| Stepping ~*~*~tactically~*~*~ (stealth).
  2130 | D:3      | Reached XP level 6. HP: 31/38 MP: 6/6
  2379 | D:3      | Noticed Jessica
  2380 | D:3      | 2380 ||| Stepping ~*~*~tactically~*~*~ (hiding).
  2381 | D:3      | 2381 ||| Stepping ~*~*~tactically~*~*~ (hiding).
  2386 | D:3      | Killed Jessica
  2549 | D:3      | 2549 ||| Stepping ~*~*~tactically~*~*~ (stealth).
  2555 | D:3      | 2555 ||| Stepping ~*~*~tactically~*~*~ (stealth).
  2568 | D:3      | 2568 ||| Stepping ~*~*~tactically~*~*~ (stealth).
  2764 | D:3      | 2764 ||| READING scroll labelled LUYD XUCUMA.
  2908 | D:4      | HP: 3/38 [ogre/+0 giant club (16)]
  2910 | D:4      | Slain by an ogre

Levels and vault maps discovered:
D:1:      spicycebolla_green_bress_n_ham_2, layout_loops_ring,
          shapermc_ecumenical_altar_acropolis
D:2:      layout_rooms, basic_altar, st_stairs_13, grunt_ministairs_3
D:3:      cheibrodos_pilgrimage, layout_basic, minivault_14,
          kennysheep_jessica_study
D:4:      layout_layer_cave, bloody_makhleb, nicolae_dithmenos_the_darkroom,
          minmay_temple_entry_purple_smoke, serial_rivers,
          chequers_serial_rivers_micro_e, chequers_serial_rivers_large_b,
          chequers_serial_rivers_micro_a, chequers_serial_rivers_marsh,
          chequers_serial_rivers_micro_c, skrybe_limestone_x,
          hangedman_minor_gate_pass

Skill      XL: |  1  2  3  4  5  6 |
---------------+-------------------+-----
Axes           | 2 3 4 5 |  5.5
Fighting       | 4 |  4.0
Armour         | |  3.2
Shields        | |  3.2

Action                   |  1- 3 |  4- 6 || total
-------------------------+-------+-------++-------
Melee: War axe           |    76 |    81 ||   157
Throw: Boomerang         |       |    28 ||    28
  Use: Scroll            |     4 |     4 ||     8
       Potion            |     2 |     1 ||     3
 Stab: Distracted        |       |     1 ||     1
Armor: Scale mail        |     5 |       ||     5
       Chain mail        |    31 |    50 ||    81
Dodge: Dodged            |    30 |    35 ||    65
Block: Buckler           |    20 |    13 ||    33

Table legend:
 A = Non-vault XP
 B = Vault XP
 C = Vault XP percentage of total XP
 D = Non-vault monster count
 E = Vault monster count
 F = Vault count percentage of total count
                 A         B        C        D         E       F
            +---------+---------+-------+---------+---------+-------
      Total |     289 |     113 |  28.1 |      52 |      12 |  18.8
            +---------+---------+-------+---------+---------+-------
        D:1 |      10 |       0 |   0.0 |       7 |       0 |   0.0
        D:2 |     171 |      18 |   9.5 |      19 |       4 |  17.4
        D:3 |     106 |      95 |  47.3 |      25 |       8 |  24.2
        D:4 |       2 |       0 |   0.0 |       1 |       0 |   0.0
            +---------+---------+-------+---------+---------+-------
